 Dungeon Crawl Stone Soup version 0.29-a0-111-gbaf749a769 (webtiles) character file.

Game seed: 9819633196411717132

2762 pascalblue the Frost Mage (level 9, -1/45 HPs)
             Began as a Deep Elf Ice Elementalist on Feb 17, 2022.
             Was an Initiate of Sif Muna.
             Slain by an orc warrior (3 damage)
             ... on level 7 of the Dungeon.
             The game lasted 00:34:58 (7753 turns).

pascalblue the Frost Mage (DEIE)                    Turns: 7753, Time: 00:34:59

Health: -1/45      AC: 11    Str:  5    XL:     9   Next: 42%
Magic:  17/22      EV: 12    Int: 25    God:    Sif Muna [......]
Gold:   362        SH:  0    Dex: 15    Spells: 2/23 levels left

rFire   . . .      SeeInvis .   y - +8 dire flail (protect)
rCold   . . .      Faith    .   (shield currently unavailable)
rNeg    + . .      Spirit   .   a - +0 robe
rPois   +          Reflect  .   m - +2 helmet
rElec   .          Harm     .   p - +2 cloak {rCorr}
rCorr   +          Rampage  .   l - +2 pair of gloves
Will    .....                   (no boots)
Stlth   ++........              (no amulet)
HPRegen 0.15/turn               b - ring of poison resistance
MPRegen 0.18/turn               n - ring of positive energy

@: freezing walls
A: no striking features
a: Renounce Religion


You were on level 7 of the Dungeon.
You worshipped Sif Muna.
Sif Muna was noncommittal.
You visited 2 branches of the dungeon, and saw 8 of its levels.

You collected 388 gold pieces.
You spent 26 gold pieces at shops.

Inventory:

Hand Weapons
 i - a +3 spectral club
 o - a +4 quarterstaff of chaos
 r - the +1 flail of Springtime {drain, rN++}
   (You found it on level 4 of the Dungeon)

   A truly terrible weapon, it drains the life of any living foe it strikes.
   rN:        It greatly protects you from negative energy.
 y - a +8 dire flail of protection (weapon)
Missiles
 u - a throwing net
Armour
 a - a +0 robe (worn)
 l - a +2 pair of gloves (worn)
 m - a +2 helmet (worn)
 p - a +2 cloak of preservation (worn)
Jewellery
 b - a ring of poison resistance (left hand)
 n - a ring of positive energy (right hand)
 q - an amulet of guardian spirit
 s - a ring of fire
Wands
 k - a wand of mindburst (11)
 w - a wand of iceblast (8)
 B - a wand of digging (3)
Scrolls
 e - 2 scrolls of teleportation
 t - a scroll of holy word
 x - a scroll of enchant armour
 A - a scroll of amnesia
Potions
 c - a potion of curing
 d - 3 potions of might
 f - a potion of brilliance {unknown}
 g - a potion of mutation {unknown}
 h - a potion of ambrosia {unknown}
 j - a potion of haste
 v - 3 potions of flight {unknown}
 z - a potion of degeneration {unknown}
 C - 2 potions of resistance {unknown}


   Skills:
 - Level 2.4 Dodging
 - Level 2.4 Stealth
 + Level 7.6 Spellcasting
 * Level 6.8 Conjurations
 + Level 4.3 Necromancy
 + Level 8.6 Ice Magic
 + Level 4.2 Air Magic
 + Level 4.4 Evocations


You had 2 spell levels left.
You knew the following spells:

 Your Spells              Type           Power      Damage    Failure   Level
a - Freeze                Ice            100%       1d11      1%          1
b - Frozen Ramparts       Ice            100%       1d12      1%          3
c - Shock                 Conj/Air       100%       1d9       1%          1
d - Hailstorm             Conj/Ice       48%        3d11      2%          4
e - Sublimation of Blood  Necr           31%        N/A       1%          2
f - Airstrike             Air            15%        N/A       11%         4
g - Swiftness             Air            30%        N/A       3%          3
h - Ozocubu's Armour      Ice            52%        N/A       1%          3

Your spell library contained the following spells:

 Spells                   Type           Power      Damage    Failure   Level
 Wereblood                Tmut           9%         N/A       10%         2
 Summon Hydra             Summ           4%         N/A       100%        7


Dungeon Overview and Level Annotations

Branches:
Dungeon (7/15)             Temple (1/1) D:6

Altars:
Ashenzari
Cheibriados
Dithmenos
Elyvilon
Gozag
Hepliaklqana
Kikubaaqudgha
Okawaru
Qazlal
Ru
Sif Muna
Trog
Uskayaw
Vehumet
Wu Jian
Xom
Zin
The Shining One

Shops:
D:2 *   D:7 ?


Message History

The orc priest shouts!
The orc warrior shouts!
Casting: Shock (safe; 1% risk of failure)
Confirm with . or Enter, or press ? or * to list all spells.
Aiming: Shock (safe; 1% risk of failure)
Press: ? - help, Shift-Dir - straight line, f - orc priest
Aim: an orc priest, wielding a +2 flail of holy wrath (74% to hit)
The zap misses the orc priest.
The orc priest invokes the aid of Beogh against you.
Beogh smites you!
Unknown command.
Casting: Shock (safe; 1% risk of failure)
Confirm with . or Enter, or press ? or * to list all spells.
Casting: Frozen Ramparts (safe; 1% risk of failure)
Press: ? - help, Dir - look around, f - activate The walls around you are covered in ice.
The wall freezes the orc warrior.
The orc warrior hits you but does no damage.
Casting: Frozen Ramparts (safe; 1% risk of failure)
Confirm with . or Enter, or press ? or * to list all spells.
Aiming: Shock (safe; 1% risk of failure)
Press: ? - help, Shift-Dir - straight line, f - orc priest
Aim: an orc priest, wielding a +2 flail of holy wrath (74% to hit)
The zap misses the orc warrior.
The zap hits the orc priest.
The orc priest is moderately wounded.
The wall freezes the orc priest!
The wall freezes the orc warrior.
The orc warrior hits you with a +2 vorpal long sword.
Casting: Shock (safe; 1% risk of failure)
Confirm with . or Enter, or press ? or * to list all spells.
Aiming: Freeze (safe; 1% risk of failure)
Press: ? - help, Shift-Dir - straight line, f/p - orc priest
Aim: an orc priest, wielding a +2 flail of holy wrath (almost dead)
You freeze the orc priest.
The orc priest is almost dead.
The orc priest calls down the wrath of Beogh upon you.
Beogh smites you!
* * * LOW HITPOINT WARNING * * *
The wall freezes the orc warrior.
The orc warrior hits you with a +2 vorpal long sword!
* * * LOW HITPOINT WARNING * * *
You die...

# ###.....# # ........# #
# #...##.# # #.##...##.# #
#(........##### #
##..)..........# #
........o..###.## #
........o@).....##########
...##..[##.#..#.....<.....
######.#....##########
#.#.#### # ..#.# # ###.# #
#.# # ... # ... .


You could see an orc warrior and an orc priest.

Vanquished Creatures
  The ghost of SirDiesAlot the Conjurer, an amateur DECj (D:4)
  Sigmund (D:2)
  Edmund (D:5)
  A water moccasin (D:5)
  2 ice beasts (D:4)
  A necrophage (D:6)
  7 ogres
  2 centaurs
  A kobold brigand (D:5)
  A bullfrog (D:7)
  A gnoll sergeant (D:6)
  A scorpion (D:5)
  A howler monkey (D:6)
  A bullfrog zombie (D:5)
  3 jellies
  3 orc priests
  Crazy Yiuf (D:3)
  A bullfrog skeleton (D:6)
  2 gnoll shamans
  Jessica (D:2)
  A centaur skeleton (D:6)
  Ijyb (D:5)
  3 iguanas
  3 orc wizards
  A centaur simulacrum (D:4)
  A hound skeleton (D:5)
  12 gnolls
  4 adders
  3 hound simulacra (D:4)
  A white imp (D:6)
  2 ufetubi
  4 dart slugs (D:4)
  An adder simulacrum (D:4)
  22 orcs
  6 ball pythons
  4 bats
  3 endoplasms
  A giant cockroach (D:4)
  8 goblins
  10 hobgoblins
  2 jackals (D:2)
  12 kobolds
  3 quokkas
  5 frilled lizards
  2 rats
148 creatures vanquished.

Notes
Turn   | Place    | Note
-------+----------+-------------------------------------------
     0 | D:1      | pascalblue the Deep Elf Ice Elementalist began the quest
                  | for the Orb.
     0 | D:1      | Reached XP level 1. HP: 10/10 MP: 6/6
   429 | D:1      | Reached XP level 2. HP: 13/15 MP: 5/8
   859 | D:1      | Reached skill level 5 in Ice Magic
  1012 | D:2      | Found Omijuaf's General Store.
  1061 | D:2      | Noticed Jessica
  1066 | D:2      | Killed Jessica
  1067 | D:2      | Reached XP level 3. HP: 4/19 MP: 5/9
  1331 | D:2      | Identified the +2 ring mail "Miymoreo" {rN+ Will+ rCorr
                  | Dex+2}
  1438 | D:2      | Learned a level 3 spell: Frozen Ramparts
  1472 | D:2      | Noticed Sigmund
  1499 | D:2      | Killed Sigmund
  1500 | D:2      | Reached skill level 6 in Ice Magic
  1500 | D:2      | Reached XP level 4. HP: 2/24 MP: 4/12
  1500 | D:2      | Reached XP level 5. HP: 2/28 MP: 4/14
  1961 | D:2      | Reached skill level 5 in Spellcasting
  2260 | D:3      | Learned a level 1 spell: Shock
  2267 | D:3      | Reached skill level 7 in Ice Magic
  2288 | D:3      | Learned a level 4 spell: Hailstorm
  2797 | D:3      | Found a runed translucent door.
  2798 | D:3      | Noticed Crazy Yiuf
  2883 | D:3      | Killed Crazy Yiuf
  2884 | D:3      | Reached skill level 1 in Conjurations
  2884 | D:3      | Reached XP level 6. HP: 23/32 MP: 10/15
  3143 | D:4      | Reached skill level 1 in Air Magic
  3147 | D:4      | Reached skill level 1 in Evocations
  3306 | D:4      | Identified the +1 flail of Springtime {drain, rN++}
  3328 | D:4      | Found a runed translucent gate.
  3328 | D:4      | Found a runed translucent gate.
  3328 | D:4      | Found a runed translucent gate.
  3371 | D:4      | Reached XP level 7. HP: 36/36 MP: 8/17
  3564 | D:4      | Identified a scroll of acquirement
  3564 | D:4      | Acquired a book of Blood
  3569 | D:4      | Learned a level 2 spell: Sublimation of Blood
  3610 | D:4      | Reached skill level 1 in Necromancy
  3817 | D:4      | Noticed SirDiesAlot's ghost (amateur DECj)
  4068 | D:4      | Killed SirDiesAlot's ghost
  4242 | D:4      | Reached XP level 8. HP: 12/41 MP: 7/19
  4524 | D:5      | Entered Level 5 of the Dungeon
  4537 | D:5      | Noticed Ijyb
  4542 | D:5      | Killed Ijyb
  5090 | D:5      | Reached skill level 8 in Ice Magic
  5198 | D:5      | Reached skill level 5 in Conjurations
  5437 | D:5      | Noticed Edmund
  5453 | D:5      | Killed Edmund
  6038 | D:5      | Identified the +8 chain mail of the Shining Light {*Corrode
                  | rElec Str+5 Stlth+}
  6213 | D:6      | Reached XP level 9. HP: 45/45 MP: 16/21
  6509 | D:6      | Found a staircase to the Ecumenical Temple.
  7123 | D:6      | Learned a level 4 spell: Airstrike
  7127 | D:6      | Learned a level 3 spell: Swiftness
  7131 | D:6      | Learned a level 3 spell: Ozocubu's Armour
  7170 | Temple   | Entered the Ecumenical Temple
  7354 | Temple   | Became a worshipper of Sif Muna the Loreminder
  7438 | D:7      | Found Muelucu's Magic Scroll Boutique.
  7455 | D:7      | Bought a scroll of identify for 26 gold pieces
  7753 | D:7      | HP: 2/45 [orc warrior (10)]
  7753 | D:7      | Slain by an orc warrior

Illustrated notes

Levels and vault maps discovered:
D:1:      amcnicky_arrival_wind_blow, layout_basic,
          corexii_item_surrounded_by_moat, moated_statue
D:2:      layout_basic, serial_shops, nicolae_shop_crystal, uniq_sigmund,
          uniq_jessica
D:3:      layout_rooms, amcnicky_mini_corridor_feature, nrook_loot_triangle,
          grunt_ministairs_15, uniq_crazy_yiuf_cottage
D:4:      layout_rooms, gammafunk_ghost_icy
D:5:      layout_layer_cave, uniq_edmund, uniq_ijyb
D:6:      layout_gridville, minmay_temple_entry_overgrown,
          minmay_misc_feat_ornament
D:7:      layout_loops_ring, serial_shops, shop, uniq_joseph
Temple:   mainiacjoe_temple_starburst

Skill      XL: |  1  2  3  4  5  6  7  8  9 |
---------------+----------------------------+-----
Ice Magic      | 5 6 7 8 |  8.6
Spellcasting   | 4 5 6 7 |  7.6
Conjurations   | 1 2 4 5 6 |  6.8
Air Magic      | 1 2 3 4 |  4.2
Evocations     | 1 2 3 4 |  4.4
Necromancy     | 2 3 4 |  4.3
Dodging        | |  2.4
Stealth        | |  2.4

Action                   |  1- 3 |  4- 6 |  7- 9 || total
-------------------------+-------+-------+-------++-------
Melee: Club              |       |     1 |       ||     1
       Quarterstaff      |       |       |     4 ||     4
       Dire flail        |       |       |     1 ||     1
 Cast: Freeze            |    33 |    51 |    52 ||   136
       Shock             |       |    26 |   195 ||   221
       Frozen Ramparts   |       |     2 |    13 ||    15
  Use: Scroll            |       |     4 |     6 ||    10
       Potion            |       |       |     3 ||     3
Armor: Robe              |     3 |    12 |    37 ||    52
Dodge: Dodged            |    15 |    32 |    58 ||   105

Table legend: (Time is in decaauts)
 A = Elapsed time spent in this place.
 B = Non-inter-level travel time spent in this place.
 C = Inter-level travel time spent in this place.
 D = Time resting spent in this place.
 E = Time spent auto-exploring this place.
 F = Levels seen in this place.
 G = Mean time per level.
                   A        B        C        D        E       F      G
               +--------+--------+--------+--------+--------+-----+--------+
         Total |   7733 |   7498 |    235 |    480 |   5924 |   8 |  966.6 |
       Dungeon |   7494 |   7314 |    180 |    480 |   5759 |   7 | 1070.6 |
        Temple |    239 |    184 |     55 |      0 |    165 |   1 |  239.0 |
               +--------+--------+--------+--------+--------+-----+--------+

Top non-repeatable levels by time:
     D:4: 1780 daAuts
     D:5: 1378 daAuts
     D:2: 1190 daAuts
     D:6: 993 daAuts
     D:1: 992 daAuts
     D:3: 833 daAuts
     D:7: 326 daAuts
  Temple: 239 daAuts
